 Dungeon Crawl Stone Soup version 0.23-a0-395-gcf17ac6 (webtiles) character file.

74 MisterFreud the Ruffian (level 4, -2/41 HPs)
             Began as a Troll Hunter on Nov 1, 2018.
             Slain by an ogre
             ... wielding a +0 giant club
              (26 damage)
             ... on level 2 of the Dungeon.
             The game lasted 00:02:05 (973 turns).

MisterFreud the Ruffian (Troll Hunter)               Turns: 973, Time: 00:02:05

Health: -2/41      AC:  5    Str: 21    XL:     4   Next: 9%
Magic:  3/3        EV: 10    Int:  7    God:
Gold:   113        SH:  0    Dex: 10    Spells: 3/3 levels left

rFire    . . .     SeeInvis .     - Unarmed
rCold    . . .     Gourm    +   (no shield)
rNeg     . . .     Faith    .   b - +0 robe
rPois    .         Spirit   .   (helmet restricted)
rElec    .         Reflect  .   (no cloak)
rCorr    .         Harm     .   (gloves unavailable)
MR       .....                  (boots unavailable)
Stlth    +.........             (no amulet)
HPRegen  0.53/turn              (no ring)
MPRegen  0.08/turn              (no ring)

@: no status effects
A: large, unfitting armour, claws 3, fast metabolism 3, gourmand, regeneration
1, shaggy fur 1, tough skin 2
a: no special abilities


You were on level 2 of the Dungeon.
You were full.

You visited 1 branch of the dungeon, and saw 2 of its levels.

You collected 113 gold pieces.

Inventory:

Missiles
 c - 4 large rocks (quivered)
 d - 2 throwing nets
 g - 5 javelins
 o - 42 stones
Armour
 b - a +0 robe (worn)
Scrolls
 e - 2 scrolls of enchant weapon {unknown}
 h - a scroll of fog {unknown}
 i - 2 scrolls of identify {unknown}
 k - a scroll of random uselessness {unknown}
 n - a scroll of remove curse {unknown}
 p - a scroll of immolation {unknown}
Potions
 a - a potion of haste {unknown}
 j - a potion of curing {unknown}
 l - a potion of might {unknown}
 m - 2 potions of lignification {unknown}
Comestibles
 f - 6 rations


   Skills:
 - Level 1.5 Fighting
 - Level 3.6 Throwing
 - Level 1.5 Dodging
 - Level 0.3 Stealth
 + Level 3.8 Unarmed Combat


You had 3 spell levels left.
You didn't know any spells.
Your spell library was empty.

Dungeon Overview and Level Annotations

Branches:
Dungeon (2/15)

Altars:
Cheibriados
Fedhas
Hepliaklqana
Kikubaaqudgha
Qazlal
Sif Muna


Innate Abilities, Weirdness & Mutations

You are too large for most types of armour.
You have claws for hands.
Your metabolism is lightning-fast.
You like to eat raw meat.
Your natural rate of healing is unusually fast.
You are covered in fur. (AC +1)
You have very tough skin. (AC +2)


Message History

Things that are here:
a +0 dagger; a kobold corpse
Found a stone staircase leading down.
The ogre shouts!
You aren't carrying any items that you can evoke.
Unknown command.
Throwing (i - inventory. (/) - cycle)
c - 5 large rocks (quivered)
Press: ? - help, Shift-Dir - straight line, f - ogre
Aim: an ogre, wielding a +0 giant club You throw a large rock.
The large rock hits the ogre.
The ogre is lightly wounded.
The ogre hits you with a +0 giant club!!
You claw the ogre!
The ogre is heavily wounded.
The ogre misses you.
You claw the ogre!
The ogre is almost dead.
The ogre hits you with a +0 giant club!!
Ouch! That really hurt!
You die...

#.. #.#
##.##.########
#..#.........
#(#(########
#........).#
###......(...#
##.......$.....
#....'#.)..##...
?.._.....@.......
.........O.......
..?....).(.......
_..8.._..........
................
_%.._.........##
..............#
......>......#


You could see an ogre.

Vanquished Creatures
  3 adders (D:2)
  A worm (D:2)
  3 dart slugs (D:1)
  A bat (D:2)
  4 giant cockroaches
  5 goblins (D:1)
  5 hobgoblins
  A ball python (D:2)
  2 frilled lizards (D:2)
  6 kobolds
  7 rats
38 creatures vanquished.

Notes
Turn   | Place    | Note
-------+----------+-------------------------------------------
     0 | D:1      | MisterFreud the Troll Hunter began the quest for the Orb.
     0 | D:1      | Reached XP level 1. HP: 19/19 MP: 0/0
    44 | D:1      | Reached skill level 1 in Unarmed Combat
   191 | D:1      | Reached XP level 2. HP: 27/27 MP: 1/1
   650 | D:1      | Reached XP level 3. HP: 31/33 MP: 2/2
   799 | D:2      | Found a blossoming altar of Fedhas.
   910 | D:2      | Reached XP level 4. HP: 41/41 MP: 3/3
   958 | D:2      | Found a snail-covered altar of Cheibriados.
   960 | D:2      | Found an ancient bone altar of Kikubaaqudgha.
   960 | D:2      | Found a deep blue altar of Sif Muna.
   962 | D:2      | Found a stormy altar of Qazlal.
   965 | D:2      | Found a hazy altar of Hepliaklqana.
   966 | D:2      | Noticed an ogre
   973 | D:2      | Slain by an ogre

Vault maps used:
D:1:      nagdon_arrival_zigzag_paths
D:2:      lemuel_crystal_altar, grunt_temple_overflow_open

Skill      XL: |  1  2  3 |
---------------+----------+-----
Unarmed Combat | 1 2 3 |  3.8
Fighting       | |  1.5
Throwing       | |  3.6
Dodging        | |  1.5
Stealth        | |  0.3

Action                   |  1- 3 |  4- 6 || total
-------------------------+-------+-------++-------
Melee: Unarmed           |    81 |     6 ||    87
       Short sword       |     3 |       ||     3
Throw: Large rock        |       |     1 ||     1
  Eat: Chunk             |    12 |       ||    12
Armor: Robe              |    18 |     1 ||    19
Dodge: Dodged            |    42 |     3 ||    45

Table legend:
 A = Non-vault XP
 B = Vault XP
 C = Vault XP percentage of total XP
 D = Non-vault monster count
 E = Vault monster count
 F = Vault count percentage of total count
                 A         B        C        D         E       F
            +---------+---------+-------+---------+---------+-------
      Total |     106 |       0 |   0.0 |      38 |       0 |   0.0
            +---------+---------+-------+---------+---------+-------
        D:1 |      41 |       0 |   0.0 |      20 |       0 |   0.0
        D:2 |      65 |       0 |   0.0 |      18 |       0 |   0.0
            +---------+---------+-------+---------+---------+-------
